 Dungeon Crawl Stone Soup version 0.19.0-19-g8c6edcc (webtiles) character file.

80 Remedyn the Shield-Bearer (level 4, 0/37 HPs)
             Began as a Formicid Fighter on Nov 14, 2016.
             Succumbed to an adder's poison
             ... on level 2 of the Dungeon.
             The game lasted 00:03:36 (1071 turns).

Remedyn the Shield-Bearer (Formicid Fighter)        Turns: 1071, Time: 00:03:37

Health: 0/37       AC:  7    Str: 21    XL:     4   Next: 65%
Magic:  13/13      EV:  8    Int:  8    God:
Gold:   102        SH:  9    Dex: 10    Spells: 0 memorised, 3 levels left

rFire  . . .     SeeInvis +     a - +1 war axe
rCold  . . .     Gourm    .     b - +0 scale mail
rNeg   . . .     Faith    .     c - +0 shield
rPois  .         Spirit   .     (helmet unavailable)
rElec  .         Reflect  .     (no cloak)
rCorr  .         Harm     .     (no gloves)
MR     .....                    (no boots)
Stlth  ..........               (no amulet)
                                (no ring)
                                l - ring of magical power

@: lethally poisoned (0 -> -2)
A: permanent stasis, dig shafts and tunnels, four strong arms, antennae 3
a: Dig, Shaft Self


You were on level 2 of the Dungeon.
You were not hungry.

You visited 1 branch of the dungeon, and saw 2 of its levels.

You collected 102 gold pieces.

Inventory:

Hand Weapons
 a - a +1 war axe (weapon)
Missiles
 m - 28 stones (quivered)
Armour
 b - a +0 scale mail (worn)
 c - a +0 shield (worn)
Jewellery
 l - a ring of magical power (left hand)
Scrolls
 e - 2 scrolls of remove curse {unknown}
 g - a scroll of identify
 j - 4 scrolls of recharging {unknown}
 k - a scroll of enchant weapon
 n - a scroll of enchant armour {unknown}
Potions
 d - a potion of might
 i - a potion of curing {unknown}
 o - a potion of magic {unknown}
 p - a potion of brilliance {unknown}
Comestibles
 f - 4 bread rations
 h - a beef jerky


   Skills:
 + Level 4.0 Fighting
 + Level 2.9 Axes
 + Level 3.7 Armour
 + Level 0.1 Dodging
 + Level 4.4 Shields


You had 3 spell levels left.
You didn't know any spells.

Dungeon Overview and Level Annotations

Branches:
Dungeon (2/15)

Altars:


Innate Abilities, Weirdness & Mutations

You are under a permanent stasis effect.
You can dig through walls and to a lower floor.
Your four strong arms can wield two-handed weapons with a shield.
You have a pair of large antennae on your head. (SInv)


Message History

The adder bites you but does no damage.
You hit the goblin.
You kill the goblin!
You hit the adder. The adder barely misses you. The adder bites you.
* * * LOW HITPOINT WARNING * * *
You miss the adder.
The adder is moderately wounded.
You block the adder's attack. x2
You completely miss the adder.
The adder is moderately wounded.
* * * LOW HITPOINT WARNING * * *
You feel sick. You block the adder's attack.
You barely miss the adder.
The adder is moderately wounded.
The adder bites you.
* * * LOW HITPOINT WARNING * * *
You block the adder's attack.
You miss the adder.
The adder is moderately wounded.
You die...

##.## ###...#.##.#
#.#
....###.#.###....###
###
.##.##..#.###......#
.##.#..............#
.##........#.>...###
........#.##.##.##
.##.#...........#
................####
...............)@S.#
.##[#...........##.#
..............#.# #
#####.........#.# #
............# .
.......#### . ....#
.. #.## ..


You could see an adder.

Vanquished Creatures
  3 gnolls (D:2)
  An adder (D:2)
  An ooze (D:1)
  4 bats
  3 giant cockroaches (D:1)
  9 goblins
  5 hobgoblins
  3 jackals (D:1)
  4 kobolds
  A frilled lizard (D:1)
  A rat (D:2)
35 creatures vanquished.

Notes
Turn   | Place    | Note
-------+----------+-------------------------------------------
     0 | D:1      | Remedyn the Formicid Fighter began the quest for the Orb.
     0 | D:1      | Reached XP level 1. HP: 18/18 MP: 1/1
   103 | D:1      | Reached XP level 2. HP: 23/24 MP: 2/2
   315 | D:1      | Reached XP level 3. HP: 30/30 MP: 3/3
   983 | D:2      | Reached XP level 4. HP: 24/37 MP: 4/4
  1070 | D:2      | HP: 1/37 [adder (2)]
  1071 | D:2      | Succumbed to an adder's poison

Skill      XL: |  1  2  3  4 |
---------------+-------------+-----
Shields        | 4 |  4.4
Fighting       | 4 |  4.0
Axes           | |  2.9
Armour         | |  3.7
Dodging        | |  0.1

Action                   |  1- 3 |  4- 6 || total
-------------------------+-------+-------++-------
Melee: War axe           |    83 |    28 ||   111
  Use: Scroll            |     4 |       ||     4
  Eat: Chunk             |       |     1 ||     1
Armor: Scale mail        |    49 |     8 ||    57
Dodge: Dodged            |    31 |    17 ||    48
Block: Shield            |    62 |    15 ||    77
